 Dungeon Crawl Stone Soup version 0.22.0-13-g43fe8f2 (console) character file.

5394 removed the Spear-Bearer (level 10, -2/80 HPs)
             Began as a Mummy Warper on Aug 16, 2018.
             Was a Priest of Okawaru.
             Slain by a tentacled starspawn (7 damage)
             ... on level 4 of the Abyss.
             The game lasted 00:34:20 (15487 turns).

removed the Spear-Bearer (Mummy Warper)            Turns: 15487, Time: 00:34:21

Health: -2/80      AC: 16    Str: 18      XL:     10   Next: 40%
Magic:  12/14      EV:  9    Int: 13      God:    Okawaru [***...]
Gold:   494        SH:  5    Dex:  6 (11) Spells: 7/14 levels left

rFire    x . .     SeeInvis .   a - +0 trident
rCold    + . .     Gourm    .   r - +0 buckler
rNeg     + + +     Faith    .   G - +0 chain mail
rPois    ∞         Spirit   .   h - +1 helmet
rElec    .         Reflect  .   (no cloak)
rCorr    .         Harm     .   D - +0 pair of gloves
MR       +....                  l - +0 pair of boots
Stlth    ..........             (no amulet)
HPRegen  0.23/turn              (no ring)
MPRegen  0.14/turn              (no ring)

@: heroism
A: no food or potions, fire vulnerability, cold resistance 1, negative energy
resistance 3, torment resistance, unbreathing
a: Heroism, Renounce Religion


You were on level 4 of the Abyss.
You worshipped Okawaru.
Okawaru was most pleased with you.
You were not hungry.

You visited 1 branch of the dungeon, and saw 10 of its levels.
You visited the Abyss 1 time.

You collected 494 gold pieces.

Inventory:

Hand Weapons
 a - a +0 trident (weapon)
 s - a +1 scythe of flaming
 x - a +0 spear
Missiles
 e - 5 tomahawks of dispersal (quivered)
 o - 2 throwing nets
 w - 8 tomahawks
 J - 2 curare-tipped needles
Armour
 b - a +0 leather armour
 h - a +1 helmet (worn)
 l - a +0 pair of boots (worn)
 r - a +0 buckler (worn)
 D - a +0 pair of gloves (worn)
 F - a +0 troll leather armour
 G - a +0 chain mail (worn)
 H - a +0 large shield
 K - a +0 plate armour
Magical Staves
 B - an uncursed staff of conjuration {unknown}
Wands
 v - a wand of random effects (34)
Scrolls
 f - 2 scrolls of enchant armour
 j - 2 scrolls of enchant weapon
 n - 3 scrolls of magic mapping
 t - 2 scrolls of immolation
 y - a scroll of remove curse
 z - a scroll of vulnerability
 E - 2 scrolls of amnesia


   Skills:
 - Level 8.0(13.0) Fighting
 + Level 8.7(13.7) Polearms
 - Level 0.7(5.7) Throwing
 - Level 4.0(9.0) Armour
 - Level 1.5(6.5) Dodging
 - Level 5.2(10.2) Shields
 - Level 2.6 Spellcasting
 - Level 2.4 Translocations
 - Level 3.1 Invocations


You had 7 spell levels left.
You knew the following spells:

 Your Spells              Type           Power        Failure   Level  Hunger
a - Shroud of Golubria    Chrm/Tloc      #.........   89%         2    N/A
c - Teleport Other        Tloc           #.......     93%         3    N/A
l - Blink                 Tloc           N/A          75%         2    N/A

Your spell library contained the following spells:

 Spells                   Type           Power        Failure   Level  Hunger
 Stone Arrow              Conj/Erth      #.....       99%         3    N/A
 Spider Form              Tmut/Pois      #.........   99%         3    N/A
 Blade Hands              Tmut           #.........   100%        5    N/A
 Ice Form                 Ice/Tmut       #.......     100%        4    N/A
 Passwall                 Tmut/Erth      #.......     97%         2    N/A
 Sticks to Snakes         Tmut           #.......     97%         2    N/A
 Lee's Rapid Deconstruct  Erth           #.........   100%        5    N/A
 Sandblast                Erth           #.....       91%         1    N/A
 Petrify                  Tmut/Erth      #.......     100%        4    N/A
 Passage of Golubria      Tloc           N/A          100%        4    N/A
 Beastly Appendage        Tmut           #.....       91%         1    N/A
 Gell's Gravitas          Tloc           #.........   93%         3    N/A
 Lesser Beckoning         Tloc           #.........   93%         3    N/A

Dungeon Overview and Level Annotations

Branches:
Dungeon (10/15)            Temple (0/1) D:6             Orc (0/2) D:10
   Lair: D:8-11

Altars:
Cheibriados
Gozag
Makhleb
Nemelex Xobeh
Okawaru
Qazlal
Sif Muna
Trog
Wu Jian
The Shining One

Shops:
D:5 =   D:7 :

Annotations:
D:9 Harold
D:10 Psyche


Innate Abilities, Weirdness & Mutations

You do not eat or drink.
Your flesh is vulnerable to fire.
You are immune to poison.
Your flesh is cold resistant. (rC+)
You are immune to negative energy. (rN+++)
You are immune to unholy pain and torment.
You can survive without breathing.


Message History

2 starspawn tentacles come into view.
You hit the tentacled starspawn.
The tentacled starspawn is lightly damaged.
The tentacled starspawn bites you!!
The tentacled starspawn closely misses you.
You hit the tentacled starspawn but do no damage.
The starspawn tentacle barely misses you.
You puncture the tentacled starspawn!
The tentacled starspawn is lightly damaged.
The tentacled starspawn bites you!!
* * * LOW HITPOINT WARNING * * *
The tentacled starspawn engulfs you.
* * * LOW HITPOINT WARNING * * *
You hit the tentacled starspawn.
The tentacled starspawn is lightly damaged.
The starspawn tentacle barely misses you.
The tentacled starspawn bites you.
* * * LOW HITPOINT WARNING * * *
The tentacled starspawn engulfs you!
You die...

. # . #
### .. #
#.#.## .#
# ..X...#
.
.###.#.#.
.#
####.....#
. . .
.§.<#§##
§#.#X#§# .
#..w@# #
.. ######
.


You could see a tentacled starspawn and a starspawn tentacle.

Vanquished Creatures
  A two-headed ogre (D:7)
  A kobold demonologist (D:9)
  A komodo dragon (D:10)
  A troll (D:9)
  2 hippogriffs
  Sigmund (D:4)
  3 small abominations
  A wraith (D:10)
  2 water moccasins
  A sky beast (D:6)
  An ice beast (D:8)
  2 phantoms
  An eye of draining (D:8)
  5 centaurs
  3 ogres
  Blork the orc (D:4)
  5 bullfrogs
  A wyvern zombie (D:8)
  3 scorpions
  6 killer bees (D:8)
  A howler monkey (D:4)
  A crimson imp (D:4)
  3 orc wizards
  An orc priest (D:4)
  2 hounds
  Jessica (D:3)
  5 iguanas
  8 worker ants
  A hound zombie (D:8)
  4 gnolls (D:8)
  15 adders
  2 shadow imps
  An ooze (D:3)
  An adder skeleton (D:4)
  3 adder zombies
  A worm (D:3)
  3 dart slugs
  2 leopard geckos
  16 orcs
  2 ball pythons
  8 bats
  5 giant cockroaches
  5 goblins
  5 hobgoblins
  6 jackals
  10 kobolds
  6 quokkas
  5 frilled lizards
  A jackal skeleton (D:5)
  A leopard gecko skeleton (D:4)
  2 leopard gecko zombies
  2 quokka skeletons
  A rat (D:2)
172 creatures vanquished.

Vanquished Creatures (others)
  A large abomination (Abyss:4)
  8 starspawn tentacles
9 creatures vanquished.

Grand Total: 181 creatures vanquished

Notes
Turn   | Place    | Note
-------+----------+-------------------------------------------
     0 | D:1      | removed the Mummy Warper began the quest for the Orb.
     0 | D:1      | Reached XP level 1. HP: 16/16 MP: 4/4
   581 | D:1      | Reached XP level 2. HP: 19/22 MP: 5/5
   637 | D:1      | Learned a level 2 spell: Blink
   640 | D:1      | Learned a level 2 spell: Shroud of Golubria
  1326 | D:2      | Reached XP level 3. HP: 25/27 MP: 2/7
  1380 | D:2      | Learned a level 3 spell: Teleport Other
  1386 | D:2      | Found a snail-covered altar of Cheibriados.
  1511 | D:2      | Found an iron altar of Okawaru.
  1573 | D:2      | Became a worshipper of Warmaster Okawaru
  1785 | D:2      | Reached XP level 4. HP: 31/33 MP: 5/8
  2813 | D:3      | Noticed Jessica
  2824 | D:3      | Killed Jessica
  2824 | D:3      | Reached XP level 5. HP: 37/41 MP: 7/9
  2946 | D:3      | Found a faded altar of an unknown god.
  2973 | D:3      | Found an ornate altar of the Wu Jian Council.
  2974 | D:3      | Found a glowing golden altar of the Shining One.
  2976 | D:3      | Found a burning altar of Makhleb.
  3175 | D:4      | Found a bloodstained altar of Trog.
  3213 | D:4      | Noticed Blork the orc
  3216 | D:4      | Killed Blork the orc
  3216 | D:4      | Reached XP level 6. HP: 49/49 MP: 7/10
  3290 | D:4      | Reached skill level 5 in Fighting
  3322 | D:4      | Reached * piety under Okawaru
  3651 | D:4      | Noticed Sigmund
  3653 | D:4      | Killed Sigmund
  3653 | D:4      | Reached XP level 7. HP: 56/56 MP: 11/11
  3925 | D:4      | Found a stormy altar of Qazlal.
  3933 | D:4      | Found an opulent altar of Gozag.
  4110 | D:5      | Entered Level 5 of the Dungeon
  4891 | D:5      | Found a deep blue altar of Sif Muna.
  4891 | D:5      | Noticed a hippogriff
  5035 | D:5      | Found Attumn's Jewellery Emporium.
  5139 | D:5      | Reached ** piety under Okawaru
  5756 | D:5      | Killed a hippogriff
  5756 | D:5      | Reached skill level 5 in Polearms
  6101 | D:6      | Found a staircase to the Ecumenical Temple.
  6109 | D:6      | Reached XP level 8. HP: 49/62 MP: 12/12
  7085 | D:6      | Reached skill level 5 in Shields
  7566 | D:7      | Noticed a two-headed ogre
  7584 | D:7      | Killed a two-headed ogre
  7584 | D:7      | Reached *** piety under Okawaru
  7584 | D:7      | Reached **** piety under Okawaru
  7584 | D:7      | Reached XP level 9. HP: 73/73 MP: 13/13
  7658 | D:7      | Found Nuyxit's Book Emporium.
  7697 | D:7      | Reached skill level 1 in Invocations
  8976 | D:7      | Found a sparkling altar of Nemelex Xobeh.
 10959 | D:8      | Noticed a two-headed ogre
 11852 | D:8      | HP: 1/74 [killer bee (8)]
 12641 | D:9      | Noticed a death yak
 12754 | D:9      | Noticed a troll
 12770 | D:9      | Killed a troll
 12770 | D:9      | Reached XP level 10. HP: 27/80 MP: 12/14
 13083 | D:9      | Noticed a rust devil
 13115 | D:9      | Noticed a sixfirhy
 13116 | D:9      | Noticed a sixfirhy
 13118 | D:9      | Noticed a soul eater
 13217 | D:9      | Noticed Harold
 13693 | D:10     | Entered Level 10 of the Dungeon
 14030 | D:10     | Found a staircase to the Orcish Mines.
 14591 | D:10     | Noticed Psyche
 14601 | D:10     | Cast into level 2 of the Abyss (Psyche)
 14690 | Abyss:2  | Found a corrupted altar of Lugonu.
 14749 | Abyss:2  | Noticed a tentacled starspawn
 14768 | Abyss:2  | Noticed a starcursed mass
 14772 | Abyss:2  | Noticed a smoke demon
 14828 | Abyss:2  | Found a corrupted altar of Lugonu.
 14859 | Abyss:2  | HP: 1/80 [small abomination (9)]
 14982 | Abyss:3  | Noticed a bone dragon
 14982 | Abyss:3  | Noticed a worldbinder
 14984 | Abyss:3  | Noticed a necromancer
 15021 | Abyss:3  | Noticed a wretched star
 15029 | Abyss:3  | Noticed a shadow demon
 15030 | Abyss:3  | Noticed an orange demon
 15035 | Abyss:3  | Noticed a revenant
 15038 | Abyss:3  | Noticed a spectral quicksilver dragon
 15038 | Abyss:3  | Noticed a tentacled starspawn
 15207 | Abyss:4  | Noticed a green very ugly thing
 15207 | Abyss:4  | Noticed a green very ugly thing
 15209 | Abyss:4  | HP: 4/80 [killer bee (2)]
 15473 | Abyss:4  | Noticed a tentacled starspawn
 15487 | Abyss:4  | Slain by a tentacled starspawn

Skill      XL: |  1  2  3  4  5  6  7  8  9 10 |
---------------+-------------------------------+-----
Polearms       | 2 3 4 5 6 8 |  8.7
Fighting       | 3 4 5 7 8 |  8.0
Shields        | 2 3 5 |  5.2
Invocations    | 3 |  3.1
Armour         | 4 |  4.0
Throwing       | |  0.7
Dodging        | |  1.5
Spellcasting   | |  2.6
Translocations | |  2.4

Action                   |  1- 3 |  4- 6 |  7- 9 | 10-12 || total
-------------------------+-------+-------+-------+-------++-------
Melee: Spear             |   184 |   257 |   538 |       ||   979
       Trident           |       |       |   272 |   278 ||   550
 Cast: Shroud of Golubri |    18 |    22 |    10 |       ||    50
Invok: Heroism           |       |       |     7 |     9 ||    16
Evoke: Wand              |       |     3 |    14 |       ||    17
       Box of beasts     |       |       |       |     1 ||     1
  Use: Scroll            |       |     5 |     2 |    18 ||    25
 Stab: Sleeping          |     1 |       |     1 |       ||     2
Armor: Leather armour    |    41 |    70 |   169 |       ||   280
       Chain mail        |       |       |       |   222 ||   222
Dodge: Dodged            |    97 |   131 |   330 |   115 ||   673
Block: Buckler           |       |       |   137 |    67 ||   204
       Large shield      |       |       |       |    92 ||    92
